 Dungeon Crawl Stone Soup version 0.31-a0-214-gb37851dbb3 (webtiles) character file.

Game seed: 2229765438373419186

195 qw the Chopper (level 5, 0/33 HPs)
             Began as a Gargoyle Fighter on July 1, 2023.
             Slain by an orc wizard
             ... wielding a +0 dagger
              (1 damage)
             ... on level 4 of the Dungeon.
             The game lasted 00:01:10 (2541 turns).

qw the Chopper (Gargoyle Fighter)                   Turns: 2541, Time: 00:01:10

Health: 0/33       AC: 14    Str: 21    XL:     5   Next: 74%
Magic:  5/5        EV:  9    Int: 12    God:
Gold:   122        SH:  4    Dex:  9    Spells: 4/4 levels left

rFire   . . .        Y - +0 war axe
rCold   . . .        c - +0 buckler
rNeg    + . .        b - +0 scale mail
rPois   inf          f - +2 helmet {Int+3}
rElec   +            (no cloak)
rCorr   .            (no gloves)
SInv    .            (no boots)
Will    .....        (no amulet) Stlth
                     (no ring)
HPRegen 0.25/turn    (no ring)
MPRegen 0.09/turn

%: no passive effects
@: no status effects
A: sickness immunity, AC +4, negative energy resistance 1, electricity
resistance, torment resistance 1, petrification resistance
a: no special abilities


You were on level 4 of the Dungeon.
You visited 1 branch of the dungeon, and saw 4 of its levels.

You collected 122 gold pieces.


Innate Abilities, Weirdness & Mutations

You are immune to sickness and miasma.
Your stone body is resilient. (AC +4)
You are immune to poison.
You resist negative energy. (rN+)
You are resistant to electric shocks. (rElec)
You are resistant to unholy torment.
You are immune to petrification.


   Skills:
 + Level 3.8 Fighting
 - Level 5.0 Axes
 - Level 3.2 Armour
 - Level 3.2 Shields


You had 4 spell levels left.
You didn't know any spells.
Your spell library was empty.

Inventory:

Hand Weapons
 i - a +0 whip
 Y - a +0 war axe (weapon)
Missiles
 e - 8 boomerangs (quivered)
Armour
 b - a +0 scale mail (worn)
 c - a +0 buckler (worn)
 f - a +2 helmet of intelligence (worn)
Scrolls
 a - a scroll of identify
Potions
 d - 2 potions of might
 j - a potion of cancellation
 m - a potion of mutation {unknown}

Dungeon Overview and Level Annotations

Branches:
Dungeon (4/15)
 Temple: D:4-7

Altars:

Shops:
D:3 :


Message History

Your surroundings suddenly seem different.
Found a scroll labelled MEUHIURITS.
Autopickup is now on.
Enter note: The orc wizard gestures wildly while chanting.
The orc wizard flickers and vanishes!
Deactivating autopickup; reactivate with Ctrl-A.
Enter note: You slash the adder!
The adder is almost dead.
You hit something. The adder bites you. The adder bites you but does no damage.
You closely miss the adder.
The adder is severely wounded.
You closely miss the orc priest. You closely miss something.
The adder closely misses you. Something hits you but does no damage.
The orc priest hits you with a +0 hand axe.
You closely miss the adder.
The adder is severely wounded.
You closely miss the adder. You closely miss the orc priest.
You miss something.
The adder bites you but does no damage. x2; The orc priest closely misses you.
Something hits you but does no damage. The adder closely misses you.
The adder barely misses you.
You barely miss the adder.
The adder is severely wounded.
You slash the orc priest! You miss something. You barely miss the adder.
The orc priest hits you with a +0 hand axe.
Something hits you but does no damage. The adder closely misses you.
The adder bites you but does no damage. The orc closely misses you.
Something hits you but does no damage.
The orc priest hits you but does no damage.
The adder bites you but does no damage.
You slash the orc priest!
You kill the orc priest!
You hit the adder.
You kill the adder!
You hit something. You hit the adder but do no damage. You hit the orc.
You kill the orc!
The adder bites you but does no damage. The adder bites you.
Something hits you.
You die...

...#...........)..............#
...#..........................#
...#..........................#
...'................#####.....#
...#....>.####......# #.....#
#..#......# #......# #######
#).#......# #......#
)).#......# #.)f)..#
...+......# #..@...#
#..#......# #...S..#
#..#......# #......# ...#
#......# ...+ #......# ...#
....?..# #..# ........# ..#
##+##....# ....#


You could see a sleepcap and an adder.

Vanquished Creatures
  2 orc priests (D:4)
  A sleepcap (D:4)
  2 orc wizards
  4 adders
  A worm (D:2)
  A dart slug (D:3)
  4 orcs
  7 endoplasms
  2 giant cockroaches
  4 goblins
  5 hobgoblins
  A quokka (D:2)
  8 ball pythons
  5 bats
  3 frilled lizards
  4 kobolds
  5 rats
59 creatures vanquished.

Notes
Turn   | Place    | Note
-------+----------+-------------------------------------------
     0 | D:1      | qw the Gargoyle Fighter began the quest for the Orb.
     0 | D:1      | Reached XP level 1. HP: 14/14 MP: 1/1
     0 | D:1      | 0 ||| qw: Version: 0.3-a-32-g5962c71
     0 | D:1      | 0 ||| qw: Game counter: 7441
     0 | D:1      | 0 ||| qw: Melee chars always use a shield: true
     0 | D:1      | 0 ||| qw: God list: Okawaru
     0 | D:1      | 0 ||| qw: Allow faded altars: false
     0 | D:1      | 0 ||| qw: Do Orc after clearing Dungeon:15 true
     0 | D:1      | 0 ||| qw: Do second Lair branch before Depths: true
     0 | D:1      | 0 ||| qw: Lair rune preference: random
     0 | D:1      | 0 ||| qw: Goals: Normal, Zot:1-4, Slime:5, God:TSO, Crypt,
                  | Tomb, Abyss, Pan, Hells, Win
     0 | D:1      | 0 ||| PLANNING D:1-11
   102 | D:1      | Reached skill level 2 in Axes
   105 | D:1      | 105 ||| Stepping ~*~*~tactically~*~*~ (hiding).
   108 | D:1      | 108 ||| Stepping ~*~*~tactically~*~*~ (hiding).
   305 | D:1      | Reached XP level 2. HP: 19/19 MP: 2/2
   565 | D:1      | 565 ||| Stepping ~*~*~tactically~*~*~ (stealth).
   760 | D:1      | Reached skill level 3 in Axes
   987 | D:1      | 987 ||| DROPPING +6 ring of intelligence.
   988 | D:1      | 988 ||| DROPPING ring of wizardry.
   989 | D:1      | 989 ||| READING scroll labelled HENETU GEOR.
   990 | D:1      | 990 ||| READING scroll labelled XOISIZ HAUT.
   991 | D:1      | 991 ||| READING scroll labelled SAOTUTIPUR.
   992 | D:1      | 992 ||| READING scroll labelled VELACK LISKOCSA.
   993 | D:1      | 993 ||| DRINKING 2 fuming yellow potions.
   994 | D:1      | 994 ||| DROPPING potion of brilliance.
  1037 | D:2      | Reached XP level 3. HP: 23/23 MP: 3/3
  1134 | D:2      | 1134 ||| Stepping ~*~*~tactically~*~*~ (stealth).
  1250 | D:2      | 1250 ||| Stepping ~*~*~tactically~*~*~ (stealth).
  1253 | D:2      | 1253 ||| Stepping ~*~*~tactically~*~*~ (stealth).
  1269 | D:2      | 1269 ||| Stepping ~*~*~tactically~*~*~ (stealth).
  1270 | D:2      | 1270 ||| Stepping ~*~*~tactically~*~*~ (stealth).
  1308 | D:2      | 1308 ||| DROPPING +0 club.
  1309 | D:2      | 1309 ||| Stepping ~*~*~tactically~*~*~ (stealth).
  1407 | D:2      | Reached XP level 4. HP: 28/28 MP: 4/4
  1435 | D:2      | Reached skill level 4 in Axes
  1498 | D:2      | 1498 ||| READING scroll labelled KYUTIO XATHE.
  1498 | D:2      | Identified a scroll of acquirement
  1498 | D:2      | 1498 ||| ACQUIRING +2 helmet of intelligence
  1498 | D:2      | Acquired a +2 helmet of intelligence
  1500 | D:2      | 1500 ||| UPGRADING to +2 helmet of intelligence.
  1505 | D:2      | 1505 ||| READING scroll labelled IRAFFE DAOTSI.
  1573 | D:3      | 1573 ||| FLEEEEING.
  1574 | D:3      | 1574 ||| FLEEEEING.
  1579 | D:3      | 1579 ||| STAIRDANCE
  1679 | D:3      | Found Finots's Book Shoppe.
  1712 | D:3      | 1712 ||| Stepping ~*~*~tactically~*~*~ (hiding).
  1714 | D:3      | 1714 ||| Stepping ~*~*~tactically~*~*~ (hiding).
  1715 | D:3      | 1715 ||| Stepping ~*~*~tactically~*~*~ (hiding).
  1718 | D:3      | 1718 ||| Stepping ~*~*~tactically~*~*~ (hiding).
  1720 | D:3      | 1720 ||| Stepping ~*~*~tactically~*~*~ (hiding).
  2326 | D:3      | 2326 ||| READING scroll labelled QEQAUCVOALI.
  2327 | D:3      | 2327 ||| DRINKING 2 bubbling emerald potions.
  2328 | D:3      | 2328 ||| READING 2 scrolls of identify.
  2328 | D:3      | 2328 ||| IDENTIFYING blue potion
  2373 | D:4      | 2373 ||| Stepping ~*~*~tactically~*~*~ (hiding).
  2383 | D:4      | Reached XP level 5. HP: 27/32 MP: 5/5
  2384 | D:4      | Reached skill level 5 in Axes
  2519 | D:4      | 2519 ||| Stepping ~*~*~tactically~*~*~ (hiding).
  2521 | D:4      | 2521 ||| Stepping ~*~*~tactically~*~*~ (hiding).
  2527 | D:4      | 2527 ||| DRINKING potion of curing.
  2527 | D:4      | 2527 ||| (to cure confusion)
  2530 | D:4      | HP: 7/33 [orc wizard/+0 dagger (2)]
  2531 | D:4      | 2531 ||| READING scroll of teleportation.
  2537 | D:4      | HP: 5/33 [adder (3)]
  2540 | D:4      | HP: 1/33 [orc priest/+0 hand axe (2)]
  2541 | D:4      | Slain by an orc wizard

Levels and vault maps discovered:
D:1:      dpeg_arrival_water_fire, layout_basic, minivault_11, minmay_bisected
D:2:      layout_rooms
D:3:      layout_basic, serial_shops, shop
D:4:      minmay_chambers_of_twos, layout_gridville,
          minmay_temple_entry_mini_moons, saegor_snake_ambush, uniq_duvessa

Skill      XL: |  1  2  3  4  5 |
---------------+----------------+-----
Axes           | 2 3 4 5 |  5.0
Fighting       | |  3.8
Armour         | |  3.2
Shields        | |  3.2

Action                     |  1- 3 |  4- 6 || total
---------------------------+-------+-------++-------
  Melee: War axe           |   103 |    57 ||   160
  Throw: Boomerang         |    16 |    27 ||    43
    Use: Scroll            |     4 |     5 ||     9
         Potion            |     1 |     2 ||     3
 Armour: Scale mail        |    63 |    47 ||   110
  Dodge: Dodged            |    44 |    25 ||    69
  Block: Buckler           |    19 |     7 ||    26

Table legend:
 A = Non-vault XP
 B = Vault XP
 C = Vault XP percentage of total XP
 D = Non-vault monster count
 E = Vault monster count
 F = Vault count percentage of total count
                 A         B        C        D         E       F
            +---------+---------+-------+---------+---------+-------
      Total |     329 |       6 |   1.8 |      56 |       3 |   5.1
            +---------+---------+-------+---------+---------+-------
        D:1 |      27 |       6 |  18.2 |      17 |       3 |  15.0
        D:2 |      66 |       0 |   0.0 |      17 |       0 |   0.0
        D:3 |      54 |       0 |   0.0 |      10 |       0 |   0.0
        D:4 |     182 |       0 |   0.0 |      12 |       0 |   0.0
            +---------+---------+-------+---------+---------+-------
